 Dungeon Crawl Stone Soup version 0.31-a0-177-g4aa6249778 (webtiles) character file.

Game seed: 10360310439360829783

227 qw the Chopper (level 6, -1/38 HPs)
             Began as a Gargoyle Fighter on June 18, 2023.
             Killed by divine providence
             ... invoked by an orc priest
              (12 damage)
             ... on level 4 of the Dungeon.
             The game lasted 00:01:34 (2939 turns).

qw the Chopper (Gargoyle Fighter)                   Turns: 2939, Time: 00:01:35

Health: -1/38      AC: 14    Str: 20 (21) XL:     6   Next: 2%
Magic:  6/6        EV:  9    Int:  9      God:
Gold:   79         SH:  4    Dex:  7 (9)  Spells: 5/5 levels left

rFire   . . .        Y - +0 war axe
rCold   + . .        c - +0 buckler
rNeg    + . .        h - +2 scale mail {rC+}
rPois   inf          g - +0 helmet
rElec   +            (no cloak)
rCorr   .            (no gloves)
SInv    .            (no boots)
Will    .....        (no amulet) Stlth
                     (no ring)
HPRegen 0.26/turn    (no ring)
MPRegen 0.10/turn

%: no passive effects
@: no status effects
A: sickness immunity, AC +4, negative energy resistance 1, electricity
resistance, torment resistance 1, petrification resistance
a: no special abilities


You were on level 4 of the Dungeon.
You visited 1 branch of the dungeon, and saw 4 of its levels.

You collected 101 gold pieces.
You spent 22 gold pieces at shops.


Innate Abilities, Weirdness & Mutations

You are immune to sickness and miasma.
Your stone body is resilient. (AC +4)
You are immune to poison.
You resist negative energy. (rN+)
You are resistant to electric shocks. (rElec)
You are resistant to unholy torment.
You are immune to petrification.


   Skills:
 + Level 3.8 Fighting
 - Level 5.1 Axes
 - Level 1.0 Throwing
 - Level 3.2 Armour
 - Level 3.2 Shields


You had 5 spell levels left.
You didn't know any spells.
Your spell library was empty.

Inventory:

Hand Weapons
 a - a +0 mace
 Y - a +0 war axe (weapon)
Missiles
 b - 3 boomerangs of dispersal
Armour
 c - a +0 buckler (worn)
 g - a +0 helmet (worn)
 h - a +2 scale mail of cold resistance (worn)
 k - a +0 chain mail
Scrolls
 f - 2 scrolls of identify
Potions
 d - a potion of might
 e - a potion of mutation
 i - a potion of haste {unknown}
 j - a potion of lignification {unknown}
 l - 2 potions of attraction {unknown}
 m - 4 potions of curing

Dungeon Overview and Level Annotations

Branches:
Dungeon (4/15)
 Temple: D:4-7

Altars:
Elyvilon
Hepliaklqana
Kikubaaqudgha

Shops:
D:1 *   D:2 [?!

Annotations:
D:1 2 transporters
D:3 exclusion: ball python


Message History

The orc wizard is almost dead.
The orc priest hits you from afar with a +0 trident.
The orc wizard completely misses you.
You barely miss the orc wizard.
The orc wizard is almost dead.
You block the orc priest's attack. The orc wizard closely misses you.
You closely miss the orc wizard.
The orc wizard is almost dead.
The orc priest mumbles some strange prayers to Beogh against you.
Pain shoots through your body!
The orc wizard hits you but does no damage.
You miss the orc wizard.
The orc wizard is almost dead.
The orc priest begins to cast a cantrip, but forgets the words!
The orc wizard hits you but does no damage.
You closely miss the orc wizard.
The orc wizard is severely wounded.
The orc priest hits you but does no damage.
The orc wizard gestures at you while chanting.
The puff of flame hits you but does no damage.
The orc priest hits you but does no damage.
The orc wizard hits you but does no damage.
You hit the orc wizard but do no damage.
The orc wizard is severely wounded.
The orc priest calls down the wrath of Beogh upon you.
Pain shoots through your body!
The orc wizard hits you but does no damage.
You closely miss the orc wizard.
The orc wizard is severely wounded.
The orc priest hits you from afar with a +0 trident.
The orc wizard hits you with a +0 dagger.
You barely miss the orc wizard.
The orc wizard is severely wounded.
The orc priest calls upon Beogh to heal the orc wizard.
The orc wizard is healed somewhat.
The orc wizard casts a spell at you. You resist with some effort.
The orc priest mumbles some strange prayers to Beogh against you.
Beogh smites you!
You die...

...#####.#...#... $#...
##....[.#.#...##.# .....
#...##>.#...#.....
.....###..##.....###....
..........##...####.....
................##......
............#...##......
......)o...###.####.....
.....o.@..## #..........
.......)...# #..........
.....###..## #..........
.... ...# #..........
... ..... #.......... ..
................... .
.#####.............
#.##......... ..#....


You could see an orc priest and an orc wizard.

Vanquished Creatures
  Natasha (thrice) (D:4)
  Terence (D:3)
  Robin (D:3)
  2 adders (D:2)
  2 worms (D:3)
  A dart slug (D:1)
  7 orcs (D:4)
  2 bats (D:1)
  5 endoplasms
  4 giant cockroaches
  11 goblins
  7 hobgoblins
  7 jackals
  2 quokkas
  6 ball pythons
  4 frilled lizards
  9 kobolds
  3 rats (D:1)
  5 rat zombies (D:3)
82 creatures vanquished.

Notes
Turn   | Place    | Note
-------+----------+-------------------------------------------
     0 | D:1      | qw the Gargoyle Fighter began the quest for the Orb.
     0 | D:1      | Reached XP level 1. HP: 14/14 MP: 1/1
     0 | D:1      | 0 ||| qw: Version: 0.3-a-5-g6f28e65
     0 | D:1      | 0 ||| qw: Game counter: 659
     0 | D:1      | 0 ||| qw: Always use a shield: true
     0 | D:1      | 0 ||| qw: God list: Okawaru
     0 | D:1      | 0 ||| qw: Allow faded altars: false
     0 | D:1      | 0 ||| qw: Do Orc after D:15 true
     0 | D:1      | 0 ||| qw: Do second Lair branch before Depths: true
     0 | D:1      | 0 ||| qw: Lair rune preference: random
     0 | D:1      | 0 ||| qw: Plans: Normal, Zot:1-4, Slime:5, God:TSO, Crypt,
                  | Tomb, Abyss, Pan, Hells, Win
     0 | D:1      | 0 ||| PLANNING D:1-11
     2 | D:1      | Noticed a vampire
     4 | D:1      | Noticed a ghoul
     4 | D:1      | Noticed a vine stalker
     6 | D:1      | Noticed a formicid
     6 | D:1      | Noticed an octopode
     8 | D:1      | Noticed an elf
     8 | D:1      | Noticed a draconian
    10 | D:1      | Noticed a naga
    10 | D:1      | Noticed a merfolk
    12 | D:1      | Noticed a demigod
    12 | D:1      | Noticed an ogre
    14 | D:1      | Noticed a human
    14 | D:1      | Noticed a minotaur
    16 | D:1      | Noticed a demonspawn
    16 | D:1      | Noticed a tengu
    18 | D:1      | Noticed a gargoyle
    18 | D:1      | Noticed a meteoran
    20 | D:1      | Noticed an armataur
    22 | D:1      | Noticed a troll
    24 | D:1      | Noticed a felid
    24 | D:1      | Noticed an octopode
    26 | D:1      | Noticed a formicid
    63 | D:1      | Reached skill level 2 in Axes
    72 | D:1      | 72 ||| Stepping ~*~*~tactically~*~*~ (hiding).
   143 | D:1      | Reached XP level 2. HP: 19/19 MP: 2/2
   148 | D:1      | Found a faded altar of an unknown god.
   188 | D:1      | Found a transporter.
   190 | D:1      | Found Bexkan's General Store.
   306 | D:1      | Reached skill level 3 in Axes
   310 | D:1      | Reached XP level 3. HP: 17/23 MP: 3/3
   436 | D:1      | 436 ||| Stepping ~*~*~tactically~*~*~ (stealth).
   453 | D:1      | Found a transporter.
   737 | D:1      | 737 ||| READING scroll labelled SIOMIU GYHIPN.
   738 | D:1      | 738 ||| READING scroll labelled KERIAS NEEPAH.
   755 | D:2      | Found Xicra's Magic Scroll Shop.
   755 | D:2      | Found Zoacerch's Distillery.
   773 | D:2      | 773 ||| SHOPLISTING 2 potions of lignification (66 gold,
                  | have 16).
   773 | D:2      | 773 ||| SHOPLISTING potion of curing (33 gold, have 16).
   773 | D:2      | 773 ||| SHOPLISTING potion of heal wounds (55 gold, have
                  | 16).
   779 | D:2      | 779 ||| SHOPLISTING 2 scrolls of enchant armour (165 gold,
                  | have 32).
   779 | D:2      | 779 ||| BUYING scroll of identify (22 gold).
   779 | D:2      | Bought a scroll of identify for 22 gold pieces
   779 | D:2      | 779 ||| SHOPLISTING scroll of identify (22 gold, have 10).
   779 | D:2      | 779 ||| SHOPLISTING scroll of teleportation (33 gold, have
                  | 10).
   783 | D:2      | 783 ||| DROPPING +0 club.
   839 | D:2      | 839 ||| Stepping ~*~*~tactically~*~*~ (stealth).
   871 | D:2      | 871 ||| Stepping ~*~*~tactically~*~*~ (stealth).
   873 | D:2      | 873 ||| Stepping ~*~*~tactically~*~*~ (stealth).
  1046 | D:2      | Reached XP level 4. HP: 28/28 MP: 4/4
  1046 | D:2      | Found Taom's Antique Armour Shop.
  1055 | D:2      | 1055 ||| SHOPLISTING glowing crystal plate armour (1245
                  | gold, have 37).
  1055 | D:2      | 1055 ||| SHOPLISTING runed leather armour (75 gold, have
                  | 37).
  1264 | D:2      | 1264 ||| READING scroll labelled ENKUENTEQES.
  1265 | D:2      | 1265 ||| READING scroll labelled SAENAE PIAMA.
  1266 | D:2      | 1266 ||| DRINKING 2 lumpy black potions.
  1267 | D:2      | 1267 ||| READING 2 scrolls of identify.
  1267 | D:2      | 1267 ||| IDENTIFYING pink potion
  1268 | D:2      | 1268 ||| DROPPING potion of degeneration.
  1285 | D:3      | Found a white marble altar of Elyvilon.
  1292 | D:3      | 1292 ||| Stepping ~*~*~tactically~*~*~ (stealth).
  1308 | D:3      | Found a hazy altar of Hepliaklqana.
  1365 | D:3      | Reached skill level 4 in Axes
  1530 | D:3      | Found an ancient bone altar of Kikubaaqudgha.
  1709 | D:3      | Noticed Terence
  1710 | D:3      | 1710 ||| READING scroll labelled ONUSAU DAFE.
  1711 | D:3      | 1711 ||| READING scroll labelled QUESMEI MUDDIL.
  1839 | D:3      | Noticed Robin
  1858 | D:3      | Killed Robin
  1901 | D:3      | 1901 ||| DROPPING +0 whip.
  1966 | D:3      | 1966 ||| Stepping ~*~*~tactically~*~*~ (stealth).
  2083 | D:3      | HP: 7/28 [Terence/+0 mace (4)]
  2084 | D:3      | Killed Terence
  2085 | D:3      | Reached XP level 5. HP: 8/32 MP: 5/5
  2456 | D:3      | 2456 ||| UPGRADING to +0 helmet.
  2461 | D:3      | 2461 ||| UPGRADING to +2 scale mail of cold resistance.
  2471 | D:3      | 2471 ||| DROPPING +0 scale mail.
  2493 | D:4      | 2493 ||| Stepping ~*~*~tactically~*~*~ (stealth).
  2591 | D:4      | Noticed Natasha
  2601 | D:4      | Killed Natasha
  2602 | D:4      | Reached skill level 5 in Axes
  2642 | D:4      | Noticed Natasha
  2643 | D:4      | 2643 ||| Stepping ~*~*~tactically~*~*~ (hiding).
  2653 | D:4      | Killed Natasha
  2654 | D:4      | Reached skill level 1 in Throwing
  2710 | D:4      | Noticed Natasha
  2711 | D:4      | 2711 ||| Stepping ~*~*~tactically~*~*~ (stealth).
  2714 | D:4      | 2714 ||| Stepping ~*~*~tactically~*~*~ (hiding).
  2715 | D:4      | 2715 ||| Stepping ~*~*~tactically~*~*~ (hiding).
  2732 | D:4      | Killed Natasha
  2928 | D:4      | Reached XP level 6. HP: 21/38 MP: 6/6
  2929 | D:4      | 2929 ||| DRINKING 5 potions of curing.
  2929 | D:4      | 2929 ||| (to cure confusion)
  2939 | D:4      | Killed from afar by an orc priest

Levels and vault maps discovered:
D:1:      kb_arrival_jail, layout_basic, serial_shops, nicolae_shop_drivethru,
          dreamdust_ecumenical_altar_statues
D:2:      layout_rooms, serial_shops, shop, shop, nicolae_diamond_shop
D:3:      layout_loops_ring, mainiacjoe_overflow_catwalk,
          mainiacjoe_overflow_brackets, lemuel_zombie_altar_kikubaaqudgha,
          serial_rivers, chequers_serial_rivers_micro_a,
          chequers_serial_rivers_micro_d, chequers_serial_rivers_large_a,
          chequers_serial_rivers_room_b, chequers_serial_rivers_micro_a,
          chequers_serial_rivers_room_a, uniq_robin, uniq_terence
D:4:      layout_cave_pools, uniq_natasha

Skill      XL: |  1  2  3  4  5 |
---------------+----------------+-----
Axes           | 2 3 4 5 |  5.1
Throwing       | 1 |  1.0
Fighting       | |  3.8
Armour         | |  3.2
Shields        | |  3.2

Action                     |  1- 3 |  4- 6 || total
---------------------------+-------+-------++-------
  Melee: War axe           |    89 |   146 ||   235
         Unarmed           |       |     1 ||     1
    Use: Scroll            |     2 |     5 ||     7
         Potion            |       |     2 ||     2
 Armour: Scale mail        |    38 |    89 ||   127
         Skin              |       |    10 ||    10
  Dodge: Dodged            |    42 |    68 ||   110
  Block: Buckler           |    15 |    33 ||    48

Table legend:
 A = Non-vault XP
 B = Vault XP
 C = Vault XP percentage of total XP
 D = Non-vault monster count
 E = Vault monster count
 F = Vault count percentage of total count
                 A         B        C        D         E       F
            +---------+---------+-------+---------+---------+-------
      Total |     214 |     111 |  34.2 |      64 |      18 |  22.0
            +---------+---------+-------+---------+---------+-------
        D:1 |      49 |       0 |   0.0 |      28 |       0 |   0.0
        D:2 |      49 |       0 |   0.0 |      16 |       0 |   0.0
        D:3 |      19 |      75 |  79.8 |       7 |      17 |  70.8
        D:4 |      97 |      36 |  27.1 |      13 |       1 |   7.1
            +---------+---------+-------+---------+---------+-------
